Map: Iron Fortress LE

Players

Treia

  • Race: Zerg Zerg
  • Spawn Location: 1:00

bsong

  • Race: Zerg Zerg
  • Spawn Location: 11:00

Kantuva

  • Race: Terran Terran

Caevrane

  • Race: Terran Terran

VOD

Have the link to the VOD?

Description

Time

  • Played on: April 2, 2015, 12:09 a.m.
  • Length: 7:03
Show
View Real Time Build Order
Export as new Build Order

Treia Zerg 

Build Orders: Pool First 

Get SALT Encoding   

  12  0:19  Spawning Pool  
  11  0:22  Drone  
  11  0:27  Drone  
  13  0:35  Overlord  
  13  0:40  Drone  
  14  1:05  Zergling x6  
  17  1:13  Queen  
  17  1:16  Drone  
  20  1:27  Drone  
  21  1:46  Hatchery  
  20  1:49  Overlord  
  20  1:51  Drone  
  21  1:55  Extractor  
  20  2:06  Queen  
  22  2:21  Drone x2  
  24  2:23  Drone x3  
  24  2:27  Extractor  
  26  2:41  Roach Warren  
  25  2:59  Drone  
  25  3:00  Drone x3  
  29  3:19  Drone x3  
  31  3:30  Roach x2  
  35  3:40  Drone x2, Extractor  
  35  3:59  Overlord x4  
  35  4:02  Drone  
  36  4:12  Overlord x2  
  36  4:16  Lair  
  36  4:18  Drone  
  36  4:20  Ravager x2  
  39  4:25  Drone  
  39  4:31  Spine Crawler  
  39  4:37  Spine Crawler  
  38  4:40  Roach  
  39  5:10  Roach x3  
  39  5:11  Roach x4  
  39  5:12  Drone  
  54  5:19  Burrow  
  54  5:21  Drone  
  54  5:23  Drone  
  54  5:28  Drone  
  57  5:29  Drone  
  57  5:33  Ravager  
  57  5:34  Roach  
  61  5:37  Drone  
  62  5:52  Drone x3  
  62  5:53  Drone x3  
  62  5:54  Drone  
  62  5:56  Drone  
  70  5:59  Ravager x3  
  73  6:08  Ravager x3  
  73  6:10  Overlord x2  
  73  6:20  Extractor  
  73  6:24  Infestation Pit  
  71  6:28  Evolution Chamber  
  71  6:29  Evolution Chamber  
  69  6:34  Overlord x3  
  67  6:41  Drone x4  
  67  6:42  Drone  
  72  6:51  Drone  
Show
View Real Time Build Order
Export as new Build Order

bsong Zerg 

Build Orders:  

Get SALT Encoding   

  12  0:01  SCV  
  13  0:13  Supply Depot  
  13  0:21  SCV  
  14  0:33  SCV  
  15  0:56  Command Center  
  15  0:58  SCV  
  16  1:06  Refinery  
  16  1:22  Barracks  
  16  1:25  SCV  
  17  1:37  SCV  
  18  1:49  SCV  
  19  2:01  SCV  
  20  2:11  Marine  
  20  2:15  Bunker  
  21  2:18  SCV  
  22  2:23  SCV  
  22  2:29  Marine  
  24  2:31  SCV  
  25  2:47  Marine  
  23  3:21  Orbital Command  
  23  3:23  Marine  
  24  3:40  Orbital Command  
  24  3:43  Reaper  
  25  3:53  Bunker  
  25  3:57  SCV  
  26  4:09  SCV  
  27  4:13  SCV  
  28  4:19  Marine  
  28  4:21  SCV  
  30  4:25  SCV  
  31  4:33  SCV, Factory  
  31  4:37  SCV, Marine  
  34  4:41  Barracks  
  35  4:45  SCV  
  35  4:49  SCV  
  35  4:58  SCV  
  36  5:01  SCV  
  36  5:02  Barracks Tech Lab  
  33  5:18  Widow Mine  
  34  5:23  Marine  
  35  5:41  Marine  
  36  5:51  Marine  
  37  5:59  Marine  
  37  6:03  Widow Mine  
  37  6:04  Supply Depot  
  38  6:06  SCV  
  38  6:12  Marine  
  38  6:17  Marine  
  37  6:18  SCV  
  37  6:24  Supply Depot  
  37  6:25  Supply Depot  
  38  6:27  Supply Depot, Engineering Bay, Barracks  
  38  6:32  Factory, Widow Mine  
  38  6:34  SCV  
  38  6:35  Barracks, Marine  
  38  6:46  SCV  
  33  7:02  Barracks  
  33  7:03  Barracks  
Show
View Real Time Build Order
Export as new Build Order

Kantuva Terran 

Build Orders:  

Get SALT Encoding   

Show
View Real Time Build Order
Export as new Build Order

Caevrane Terran 

Build Orders:  

Get SALT Encoding   

Tags
 
Add a new tag
Caveats
  • Supply blocks, unpowered buildings, or Contaminate may cause inaccurate times.
  • Supply counts are checked every 10 seconds.